 Dungeon Crawl Stone Soup version 0.26.1-11-gd32895ea62 (webtiles) character file.

Game seed: 8378968950043795907

40 wafflestompin the Sneak (level 3, 0/17 HPs)
             Began as a Spriggan Enchanter on May 15, 2021.
             Slain by a worm (3 damage)
             ... on level 2 of the Dungeon.
             The game lasted 00:09:35 (2828 turns).

wafflestompin the Sneak (Spriggan Enchanter)        Turns: 2828, Time: 00:09:36

Health: 0/17       AC:  2    Str:  5    XL:     3   Next: 30%
Magic:  8/8        EV: 18    Int: 16    God:
Gold:   67         SH:  5    Dex: 16    Spells: 6/7 levels left

rFire    . . .     SeeInvis +   a - +1 dagger
rCold    . . .     Faith    .   g - +0 buckler
rNeg     . . .     Spirit   .   b - +0 robe
rPois    .         Reflect  .   (helmet restricted)
rElec    .         Harm     .   (no cloak)
rCorr    .         Rampage  .   (gloves unavailable)
Will     .....                  (boots unavailable)
Stlth    +++.......             (no amulet)
HPRegen  0.05/turn              (no ring)
MPRegen  0.11/turn              (no ring)

@: very quick
A: very small, unfitting armour, see invisible, speed 3
a: no special abilities


You were on level 2 of the Dungeon.
You visited 1 branch of the dungeon, and saw 2 of its levels.

You collected 67 gold pieces.

Inventory:

Hand Weapons
 a - a +1 dagger (weapon)
 k - a +1 whip of freezing
Missiles
 c - 28 sling bullets
 f - 29 bolts
 h - 21 poisoned darts (quivered)
 l - 35 stones
Armour
 b - a +0 robe (worn)
 d - a +0 ring mail
 e - a +0 plate armour
 g - a +0 buckler (worn)
 i - a +0 pair of gloves
 n - a +3 leather armour
 s - a cursed +0 pair of boots
Jewellery
 q - an uncursed ring of resist corrosion {unknown}
Scrolls
 p - 2 scrolls of fear {unknown}
 r - 2 scrolls of remove curse {unknown}
 u - a scroll of enchant weapon {unknown}
Potions
 j - a potion of lignification {unknown}
 m - a potion of attraction {unknown}
 o - a potion of curing
 t - a potion of brilliance {unknown}


   Skills:
 + Level 0.5 Fighting
 + Level 1.3 Short Blades
 + Level 0.1 Throwing
 + Level 3.5 Dodging
 + Level 5.1 Stealth
 + Level 2.7 Spellcasting
 + Level 4.2 Hexes


You had 6 spell levels left.
You knew the following spells:

 Your Spells              Type           Power        Failure   Level
a - Corona                Hex            16%          5%          1

Your spell library contained the following spells:

 Spells                   Type           Power        Failure   Level
 Confusing Touch          Hex            15%          17%         3
 Tukima's Dance           Hex            15%          17%         3
 Ensorcelled Hibernation  Hex/Ice        18%          21%         2
 Dazzling Flash           Conj/Hex       18%          38%         3


Dungeon Overview and Level Annotations

Branches:
Dungeon (2/15)

Altars:
The Shining One

Annotations:
D:2 1 runed translucent door, 1 exclusion


Innate Abilities, Weirdness & Mutations

You are very small and have problems with some larger weapons.
You are too small for most types of armour.
You have supernaturally acute eyesight. (SInv)
You cover ground extremely quickly.


Message History

Aim: a worm (78% to hit)
You throw a poisoned dart.
The poisoned dart barely misses the worm.
Throw: 22 darts (poison)
Press: ? - help, Q - select action, (/) - cycle Shift-Dir - straight line, f/p - worm
Aim: a worm (78% to hit)
You throw a poisoned dart.
The poisoned dart barely misses the worm.
The worm bites you.
You hit the worm.
The worm is lightly wounded.
You hit the worm.
The worm is lightly wounded.
The worm bites you!
Ouch! That really hurt!
* * * LOW HITPOINT WARNING * * *
You hit the worm.
The worm is lightly wounded.
The worm bites you.
You die...

## #. #########
####. #.......#
#....
#######.#####.#
#.... #(((w.#.#
#.####.... #@#.#
#...##.... #...#
####.##.###
########....##.#
# #.....#####.#
♣ #.###.#####.#
♣ #>..........#
♣ #...........#
♣ ###########.#
♣ ###


You could see a worm.

Vanquished Creatures
  2 adders (D:2)
  An ooze (D:2)
  A worm (D:2)
  A dart slug (D:2)
  A giant cockroach (D:1)
  A goblin (D:1)
  3 hobgoblins
  2 kobolds (D:1)
  A bat (D:1)
  A rat (D:1)
14 creatures vanquished.

Notes
Turn   | Place    | Note
-------+----------+-------------------------------------------
     0 | D:1      | wafflestompin the Spriggan Enchanter began the quest for
                  | the Orb.
     0 | D:1      | Reached XP level 1. HP: 9/9 MP: 5/5
   673 | D:1      | Reached XP level 2. HP: 13/13 MP: 6/6
  1057 | D:1      | Found a glowing golden altar of the Shining One.
  1449 | D:2      | Reached skill level 5 in Stealth
  1589 | D:2      | Reached XP level 3. HP: 2/16 MP: 6/8
  2502 | D:2      | Found a runed translucent door.
  2828 | D:2      | Slain by a worm

Illustrated notes

Levels and vault maps discovered:
D:1:      matt_arrival_diagonals, layout_loops_ring,
          hangedman_abyss_or_decor_stabs, kennysheep_crisscross, tso_altar
D:2:      layout_basic, uniq_crazy_yiuf_cottage

Skill      XL: |  1  2 |
---------------+-------+-----
Stealth        | 5 |  5.1
Hexes          | 4 |  4.2
Fighting       | |  0.5
Short Blades   | |  1.3
Throwing       | |  0.1
Dodging        | |  3.5
Spellcasting   | |  2.7

Action                   || total
-------------------------++-------
Melee: Dagger            ||   110
Throw: Dart              ||    19
 Cast: Corona            ||     3
  Use: Potion            ||     1
 Stab: Sleeping          ||     1
Armor: Robe              ||     4
Dodge: Dodged            ||    74
Block: Buckler           ||    25
